TOP OF THE 1ST |
---|
Tuscaloosa Trout Slayers batting - Pitching for Topeka Tornados : RHP Robinson Vásquez | Pitching: RHP Robinson Vásquez | | Batting: RHB Iván Moreno | 0-0: Foul Ball, location: 2F 0-1: Ball 1-1: Ball 2-1: Foul Ball, location: 2F 2-2: Ball 3-2: Foul Ball, location: 2F 3-2: Foul Ball, location: 2F 3-2: Strikes out swinging | Batting: RHB Jason Saunders | 0-0: Swinging Strike 0-1: Foul Ball, location: 2F 0-2: Ball 1-2: Ball 2-2: Ball 3-2: Base on Balls | Batting: LHB Ed Hart | 0-0: Called Strike 0-1: Called Strike 0-2: SINGLE (Flyball, 7LS) Jason Saunders to second | Batting: RHB José Fernández | 0-0: Swinging Strike 0-1: Ball 1-1: Ball 2-1: Called Strike 2-2: Ball 3-2: Strikes out swinging | Batting: RHB Shigemasa Ishida | 0-0: Called Strike 0-1: Ball 1-1: Swinging Strike 1-2: Foul Ball, location: 2F 1-2: Ball 2-2: DOUBLE (Flyball, 8LXD) Jason Saunders scores Ed Hart to third Runner from 3rd tries for Home, SAFE, no throw | Batting: RHB Jason Erickson | 0-0: Ball 1-0: SINGLE (Line Drive, 8RS) Shigemasa Ishida to third | Batting: RHB Juan Reyes | 0-0: Ball 1-0: Ball 2-0: Ground out 4-3 (Groundball, 34) | Top of the 1st over - 2 runs, 3 hits, 0 errors, 2 left on base; Tuscaloosa 2 - Topeka 0 | BOTTOM OF THE 1ST |
---|
Topeka Tornados batting - Pitching for Tuscaloosa Trout Slayers : RHP Tom Cunningham | Pitching: RHP Tom Cunningham | | Batting: SHB Javier Peña | 0-0: Ball 1-0: Ball 2-0: Ball 3-0: Called Strike 3-1: Foul Ball, location: 2F 3-2: Foul Ball, location: 2F 3-2: Foul Ball, location: 2F 3-2: Foul Ball, location: 2F 3-2: Base on Balls | Batting: LHB Edward Rose | 0-0: Ball 1-0: Ball 2-0: Ball 3-0: Called Strike 3-1: Called Strike 3-2: Foul Ball, location: 2F 3-2: Base on Balls Javier Peña to second | Batting: LHB Richard Hinkle | 0-0: Fielders Choice at 2nd, 3-6 (Groundball, 3) Javier Peña to third | Batting: LHB Bill Frazier | 0-0: Ball 1-0: Fly out, F9 (Flyball, 89D) Runner from 3rd tags up, SCORES, throw made | Batting: RHB Félix Gonzáles | 0-0: Ball 1-0: Called Strike 1-1: Ball 2-1: Ball 3-1: Foul Ball, location: 2F 3-2: Strikes out swinging | Bottom of the 1st over - 1 run, 0 hits, 0 errors, 1 left on base; Tuscaloosa 2 - Topeka 1 | TOP OF THE 2ND |
---|
Tuscaloosa Trout Slayers batting - Pitching for Topeka Tornados : RHP Robinson Vásquez | Batting: RHB Kurt Walter | 0-0: Swinging Strike 0-1: Ball 1-1: Ball 2-1: Swinging Strike 2-2: Ground out 5-3 (Groundball, 56S) | Batting: RHB Lynn Ford | 0-0: Called Strike 0-1: Fly out, F3 (Popup, 3S) | Batting: RHB Iván Moreno | 0-0: Ball 1-0: Ball 2-0: Called Strike 2-1: Called Strike 2-2: Foul Ball, location: 2F 2-2: Strikes out looking | Top of the 2nd over - 0 runs, 0 hits, 0 errors, 0 left on base; Tuscaloosa 2 - Topeka 1 | BOTTOM OF THE 2ND |
---|
Topeka Tornados batting - Pitching for Tuscaloosa Trout Slayers : RHP Tom Cunningham | Batting: RHB Desi Thompson | 0-0: Called Strike 0-1: Foul Ball, location: 2F 0-2: Fly out, F9 (Flyball, 89D) | Batting: SHB José Cruz | 0-0: Ball 1-0: Fly out, F8 (Flyball, 8LM) | Batting: RHB Rusty Bennett | 0-0: SINGLE (Line Drive, 8LS) | Batting: SHB Wayne Matthews | 0-0: Ball 1-0: Swinging Strike 1-1: Foul Ball, location: 2F 1-2: Ball 2-2: Foul Ball, location: 2F 2-2: SINGLE (Groundball, 4MD) Rusty Bennett to second Runner from 2nd tries for 3rd, SAFE, no throw | Batting: SHB Javier Peña | 0-0: Ball 1-0: Swinging Strike 1-1: Foul Ball, location: 2F 1-2: Ball 2-2: Strikes out swinging | Bottom of the 2nd over - 0 runs, 2 hits, 0 errors, 2 left on base; Tuscaloosa 2 - Topeka 1 | TOP OF THE 3RD |
---|
Tuscaloosa Trout Slayers batting - Pitching for Topeka Tornados : RHP Robinson Vásquez | Batting: RHB Jason Saunders | 0-0: Ball 1-0: Ball 2-0: Ball 3-0: Called Strike 3-1: Base on Balls | Batting: LHB Ed Hart | 0-0: Called Strike 0-1: Swinging Strike 0-2: Ball 1-2: Strikes out swinging | Batting: RHB José Fernández | 0-0: Swinging Strike 0-1: Called Strike 0-2: Foul Ball, location: 2F 0-2: Ball 1-2: Foul Ball, location: 2F 1-2: SINGLE (Flyball, 7S) Jason Saunders to second | Batting: RHB Shigemasa Ishida | 0-0: Foul Ball, location: 2F 0-1: Called Strike 0-2: Ball 1-2: Foul Ball, location: 2F 1-2: Ball 2-2: Ball 3-2: Base on Balls Jason Saunders to third José Fernández to second | Batting: RHB Jason Erickson | 0-0: Foul Ball, location: 2F 0-1: Ball 1-1: Ball 2-1: Called Strike 2-2: Ball 3-2: SINGLE (Line Drive, 56D) Jason Saunders scores José Fernández to third Shigemasa Ishida to second | Batting: RHB Juan Reyes | 0-0: SINGLE (Groundball, 34D) José Fernández scores Shigemasa Ishida to third Jason Erickson to second Runner from 3rd tries for Home, SAFE, no throw | Batting: RHB Kurt Walter | 0-0: Called Strike 0-1: Ball 1-1: Foul Ball, location: 2F 1-2: Ball 2-2: Fly out, F9 (Flyball, 9LS) | Batting: RHB Lynn Ford | 0-0: Ball 1-0: Ball 2-0: Called Strike 2-1: Fly out, F8 (Flyball, 8RXD) | Top of the 3rd over - 3 runs, 3 hits, 0 errors, 2 left on base; Tuscaloosa 5 - Topeka 1 | BOTTOM OF THE 3RD |
---|
Topeka Tornados batting - Pitching for Tuscaloosa Trout Slayers : RHP Tom Cunningham | Batting: LHB Edward Rose | 0-0: Ball 1-0: Called Strike 1-1: Foul Ball, location: 2F 1-2: Foul Ball, location: 2F 1-2: Ball 2-2: Ball 3-2: Foul Ball, location: 2F 3-2: Base on Balls | Batting: LHB Richard Hinkle | 0-0: Ball 1-0: Called Strike 1-1: SINGLE (Groundball, 34D) Edward Rose to second Runner from 2nd tries for 3rd, SAFE, no throw | Batting: LHB Bill Frazier | 0-0: Called Strike 0-1: Called Strike 0-2: Ball 1-2: Strikes out swinging | Batting: RHB Félix Gonzáles | 0-0: Foul Ball, location: 2F 0-1: Called Strike 0-2: Ball 1-2: Strikes out swinging | Batting: RHB Desi Thompson | 0-0: Ball 1-0: Foul Ball, location: 2F 1-1: Ball 2-1: Ball 3-1: Foul Ball, location: 2F 3-2: Foul Ball, location: 2F 3-2: Strikes out swinging | Bottom of the 3rd over - 0 runs, 1 hit, 0 errors, 2 left on base; Tuscaloosa 5 - Topeka 1 | TOP OF THE 4TH |
---|
Tuscaloosa Trout Slayers batting - Pitching for Topeka Tornados : RHP Robinson Vásquez | Pitching: RHP Jon England | | Batting: RHB Iván Moreno | 0-0: Called Strike 0-1: Foul Ball, location: 2F 0-2: Strikes out swinging | Batting: RHB Jason Saunders | 0-0: Ball 1-0: Ball 2-0: Foul Ball, location: 2F 2-1: Ball 3-1: Fly out, F7 (Flyball, 7D) | Batting: LHB Ed Hart | 0-0: SINGLE (Groundball, 34D) | Batting: RHB José Fernández | 0-0: Ball 1-0: Called Strike 1-1: Called Strike 1-2: DOUBLE (Line Drive, 78M) Ed Hart to third | Pitching: RHP Luis Pérez | | Batting: RHB Shigemasa Ishida | 0-0: Fly out, F8 (Flyball, 8LD) | Top of the 4th over - 0 runs, 2 hits, 0 errors, 2 left on base; Tuscaloosa 5 - Topeka 1 | BOTTOM OF THE 4TH |
---|
Topeka Tornados batting - Pitching for Tuscaloosa Trout Slayers : RHP Tom Cunningham | Batting: SHB José Cruz | 0-0: Ball 1-0: Called Strike 1-1: Swinging Strike 1-2: Foul Ball, location: 2F 1-2: Foul Ball, location: 2F 1-2: Foul Ball, location: 2F 1-2: Ball 2-2: Strikes out swinging | Batting: RHB Rusty Bennett | 0-0: Called Strike 0-1: Ball 1-1: Swinging Strike 1-2: Strikes out swinging | Batting: SHB Wayne Matthews | 0-0: Hit by Pitch | Batting: SHB Javier Peña | 0-0: Foul Ball, location: 2F 0-1: Ball 1-1: Ball 2-1: Called Strike 2-2: Fly out, F9 (Flyball, 9LS) | Bottom of the 4th over - 0 runs, 0 hits, 0 errors, 1 left on base; Tuscaloosa 5 - Topeka 1 | TOP OF THE 5TH |
---|
Tuscaloosa Trout Slayers batting - Pitching for Topeka Tornados : RHP Luis Pérez | Batting: RHB Jason Erickson | 0-0: Ball 1-0: Ball 2-0: Called Strike 2-1: Ball 3-1: SINGLE (Line Drive, 89S) | Batting: RHB Juan Reyes | 0-0: Ball 1-0: Swinging Strike 1-1: Grounds into double play, 5-4-3 (Groundball, 56) | Batting: RHB Kurt Walter | 0-0: Called Strike 0-1: SINGLE (Groundball, 56D) | Batting: RHB Lynn Ford | 0-0: Foul Ball, location: 2F 0-1: Swinging Strike 0-2: Ball 1-2: Fielders Choice at 2nd, 5-4 (Groundball, 56) | Top of the 5th over - 0 runs, 2 hits, 0 errors, 1 left on base; Tuscaloosa 5 - Topeka 1 | BOTTOM OF THE 5TH |
---|
Topeka Tornados batting - Pitching for Tuscaloosa Trout Slayers : RHP Tom Cunningham | Pitching: RHP Jimmy Bradley | | Batting: LHB Edward Rose | 0-0: Fly out, F8 (Flyball, 89D) | Batting: LHB Richard Hinkle | 0-0: Ball 1-0: Foul Ball, location: 2F 1-1: Ball 2-1: Swinging Strike 2-2: Ground out 4-3 (Groundball, 4M) | Batting: LHB Bill Frazier | 0-0: Ball 1-0: Ball 2-0: Called Strike 2-1: Ball 3-1: Called Strike 3-2: Strikes out swinging | Bottom of the 5th over - 0 runs, 0 hits, 0 errors, 0 left on base; Tuscaloosa 5 - Topeka 1 | TOP OF THE 6TH |
---|
Tuscaloosa Trout Slayers batting - Pitching for Topeka Tornados : RHP Luis Pérez | Batting: RHB Iván Moreno | 0-0: Ball 1-0: Ball 2-0: Called Strike 2-1: Fly out, F8 (Flyball, 8RS) | Batting: RHB Jason Saunders | 0-0: Fly out, F5 (Line Drive, 5S) | Batting: LHB Ed Hart | 0-0: SOLO HOME RUN (Flyball, 9D), Distance : 386 ft | Batting: RHB José Fernández | 0-0: Foul Ball, location: 2F 0-1: Ball 1-1: SINGLE (Line Drive, 7LS) | Batting: RHB Shigemasa Ishida | 0-0: Foul Ball, location: 2F 0-1: SINGLE (Line Drive, 8RS) José Fernández to second | Batting: RHB Jason Erickson | 0-0: Ball 1-0: Ball 2-0: Foul Ball, location: 2F 2-1: Foul Ball, location: 2F 2-2: Strikes out swinging | Top of the 6th over - 1 run, 3 hits, 0 errors, 2 left on base; Tuscaloosa 6 - Topeka 1 | BOTTOM OF THE 6TH |
---|
Topeka Tornados batting - Pitching for Tuscaloosa Trout Slayers : RHP Jimmy Bradley | Batting: RHB Félix Gonzáles | 0-0: Foul Ball, location: 2F 0-1: Ball 1-1: Ground out 5-3 (Groundball, 25) | Batting: RHB Desi Thompson | 0-0: Ball 1-0: Ball 2-0: Ball 3-0: Base on Balls | Batting: SHB José Cruz | 0-0: Ball 1-0: Ball 2-0: Ball 3-0: Called Strike 3-1: Foul Ball, location: 2F 3-2: Strikes out swinging | Batting: RHB Rusty Bennett | 0-0: Called Strike 0-1: Ball 1-1: Ball 2-1: Swinging Strike 2-2: Foul Ball, location: 2F 2-2: Ball Wild Pitch! Desi Thompson to second 3-2: Ground out 3-1 (Groundball, 34) | Bottom of the 6th over - 0 runs, 0 hits, 0 errors, 1 left on base; Tuscaloosa 6 - Topeka 1 | TOP OF THE 7TH |
---|
Tuscaloosa Trout Slayers batting - Pitching for Topeka Tornados : RHP Luis Pérez | Batting: RHB Juan Reyes | 0-0: Swinging Strike 0-1: Called Strike 0-2: Ball 1-2: Ball 2-2: Strikes out swinging | Batting: RHB Kurt Walter | 0-0: Ball 1-0: Called Strike 1-1: Called Strike 1-2: Ball 2-2: Ball 3-2: Strikes out swinging | Batting: RHB Lynn Ford | 0-0: Called Strike 0-1: Ball 1-1: Ball 2-1: SINGLE (Groundball, 56D) | Batting: RHB Iván Moreno | 0-0: Called Strike 0-1: Called Strike Lynn Ford steals 2nd base 0-2: Ground out U3 (Groundball, 3S) | Top of the 7th over - 0 runs, 1 hit, 0 errors, 1 left on base; Tuscaloosa 6 - Topeka 1 | BOTTOM OF THE 7TH |
---|
Topeka Tornados batting - Pitching for Tuscaloosa Trout Slayers : RHP Jimmy Bradley | Batting: SHB Wayne Matthews | 0-0: Foul Ball, location: 2F 0-1: Foul Ball, location: 2F 0-2: Ball 1-2: SINGLE (Flyball, 89S) | Batting: SHB Javier Peña | 0-0: Ball 1-0: Ball Wild Pitch! Wayne Matthews to second 2-0: Swinging Strike 2-1: Ball 3-1: Base on Balls | Batting: LHB Edward Rose | 0-0: Swinging Strike 0-1: Called Strike 0-2: Ball 1-2: Ball 2-2: Ball 3-2: Foul Ball, location: 2F 3-2: Base on Balls Wayne Matthews to third Javier Peña to second | Pitching: LHP Mike Scott | | Batting: LHB Richard Hinkle | 0-0: Swinging Strike 0-1: Ball 1-1: Called Strike 1-2: Foul Ball, location: 2F 1-2: Fly out, F4 (Line Drive, 4) | Batting: LHB Bill Frazier | 0-0: Swinging Strike 0-1: Foul Ball, location: 2F 0-2: Ball 1-2: Strikes out swinging | Pitching: RHP Víctor Viña | | Batting: RHB Félix Gonzáles | 0-0: Called Strike 0-1: Called Strike 0-2: Ball 1-2: Foul Ball, location: 2F 1-2: Foul Ball, location: 2F 1-2: Strikes out swinging | Bottom of the 7th over - 0 runs, 1 hit, 0 errors, 3 left on base; Tuscaloosa 6 - Topeka 1 | TOP OF THE 8TH |
---|
Tuscaloosa Trout Slayers batting - Pitching for Topeka Tornados : RHP Luis Pérez | Pitching: RHP Álex Villegas | | Batting: RHB Jason Saunders | 0-0: Ball 1-0: Called Strike 1-1: Called Strike 1-2: Strikes out looking | Batting: LHB Ed Hart | 0-0: Called Strike 0-1: Foul Ball, location: 2F 0-2: Ball 1-2: Foul Ball, location: 2F 1-2: Ball 2-2: SINGLE (Groundball, 4MD) | Batting: RHB José Fernández | 0-0: Ball 1-0: Ball 2-0: Called Strike 2-1: Foul Ball, location: 2F 2-2: Ball 3-2: TRIPLE (Line Drive, 8RXD) Ed Hart scores | Batting: RHB Shigemasa Ishida | 0-0: Called Strike 0-1: Swinging Strike 0-2: Strikes out swinging | Batting: RHB Jason Erickson | 0-0: Ball 1-0: Called Strike 1-1: Fly out, F7 (Flyball, 78M) | Top of the 8th over - 1 run, 2 hits, 0 errors, 1 left on base; Tuscaloosa 7 - Topeka 1 | BOTTOM OF THE 8TH |
---|
Topeka Tornados batting - Pitching for Tuscaloosa Trout Slayers : RHP Víctor Viña | Batting: RHB Desi Thompson | 0-0: Fly out, F5 (Line Drive, 5) | Batting: SHB José Cruz | 0-0: Ball 1-0: Foul Ball, location: 2F 1-1: Ball 2-1: Fly out, F9 (Flyball, 89M) | Batting: RHB Rusty Bennett | 0-0: SINGLE (Line Drive, 34) | Batting: SHB Wayne Matthews | 0-0: Ball 1-0: Ball 2-0: Ball 3-0: Base on Balls Rusty Bennett to second | Batting: SHB Javier Peña | 0-0: Ball 1-0: Swinging Strike 1-1: Fly out, F9 (Flyball, 9S) | Bottom of the 8th over - 0 runs, 1 hit, 0 errors, 2 left on base; Tuscaloosa 7 - Topeka 1 | TOP OF THE 9TH |
---|
Tuscaloosa Trout Slayers batting - Pitching for Topeka Tornados : RHP Álex Villegas | Pitching: LHP Fred Villa | | Batting: RHB Juan Reyes | 0-0: Called Strike 0-1: Swinging Strike 0-2: Strikes out swinging | Batting: RHB Kurt Walter | 0-0: Swinging Strike 0-1: Ball 1-1: Ball 2-1: Called Strike 2-2: Ball 3-2: Base on Balls | Batting: RHB Lynn Ford | 0-0: Ball 1-0: Ball 2-0: Ball 3-0: Base on Balls Kurt Walter to second | Batting: RHB Iván Moreno | 0-0: Called Strike 0-1: Ball 1-1: Ball 2-1: Called Strike 2-2: Fly out, F7 (Flyball, 7S) | Batting: RHB Jason Saunders | 0-0: DOUBLE (Line Drive, 9LM) Kurt Walter scores Lynn Ford to third | Batting: LHB Ed Hart | 0-0: Ball 1-0: Called Strike 1-1: Swinging Strike 1-2: Ball 2-2: Ball 3-2: Foul Ball, location: 2F 3-2: 3-RUN HOME RUN (Line Drive, 7D), Distance : 380 ft | Batting: RHB José Fernández | 0-0: Ball 1-0: Ball 2-0: Ball 3-0: Base on Balls | Batting: RHB Shigemasa Ishida | 0-0: Ball 1-0: SINGLE (Groundball, 34D) José Fernández to second Runner from 2nd tries for 3rd, SAFE, no throw | Batting: RHB Jason Erickson | 0-0: Called Strike 0-1: Ball 1-1: DOUBLE (Line Drive, 7LM) José Fernández scores Shigemasa Ishida to third Runner from 3rd tries for Home, SAFE, no throw | Pitching: RHP James Stevens | | Batting: RHB Juan Reyes | 0-0: Ball 1-0: Called Strike 1-1: Fly out, F3 (Popup, 3SF) | Top of the 9th over - 6 runs, 4 hits, 0 errors, 1 left on base; Tuscaloosa 13 - Topeka 1 | BOTTOM OF THE 9TH |
---|
Topeka Tornados batting - Pitching for Tuscaloosa Trout Slayers : RHP Víctor Viña | Now at 2B: José Ortega | | Batting: LHB Edward Rose | 0-0: Fly out, F7 (Flyball, 7S) | Batting: LHB Richard Hinkle | 0-0: Foul Ball, location: 2F 0-1: Called Strike 0-2: Foul Ball, location: 2F 0-2: Ball 1-2: Foul Ball, location: 2F 1-2: Strikes out swinging | Batting: LHB Bill Frazier | 0-0: Ball 1-0: Foul Ball, location: 2F 1-1: Called Strike 1-2: Ball 2-2: Strikes out swinging | Bottom of the 9th over - 0 runs, 0 hits, 0 errors, 0 left on base; Tuscaloosa 13 - Topeka 1 | |